 Dungeon Crawl Stone Soup version 0.29-a0-72-g1732ff48e7 (webtiles) character file.

Game seed: 640442545036312479

351 fragbeetle the Chopper (level 6, -2/55 HPs)
             Began as a Hill Orc Cinder Acolyte on Feb 4, 2022.
             Was a High Priest of Ignis.
             Killed by divine providence
             ... invoked by an orc priest
              (13 damage)
             ... on level 4 of the Dungeon.
             The game lasted 00:04:59 (3099 turns).

fragbeetle the Chopper (Hill Orc Cinder Acolyte)    Turns: 3099, Time: 00:04:59

Health: -2/55      AC:  6    Str: 19    XL:     6   Next: 61%
Magic:  18/18      EV: 10    Int: 14    God:    Ignis [*****.]
Gold:   125        SH:  0    Dex:  6    Spells: 4/9 levels left

rFire   + + .      SeeInvis .   a - -1 hand axe (flame)
rCold   x . .      Faith    .   (no shield)
rNeg    . . .      Spirit   .   c - +0 ring mail
rPois   .          Reflect  .   (no helmet)
rElec   .          Harm     .   (no cloak)
rCorr   .          Rampage  .   o - +0 pair of gloves
Will    .....                   (no boots)
Stlth   ..........              (no amulet)
HPRegen 0.18/turn               h - ring of magical power
MPRegen 0.16/turn               q - ring of fire

@: lethally poisoned (-2 -> -6)
A: no striking features
a: Renounce Religion, Convert to Beogh, Fiery Armour, Foxfire Swarm, Rising
Flame


You were on level 4 of the Dungeon.
You worshipped Ignis.
Ignis was extremely pleased with you.
You visited 1 branch of the dungeon, and saw 4 of its levels.

You collected 125 gold pieces.

Inventory:

Hand Weapons
 a - a -1 hand axe of flaming (weapon)
 g - a +0 hunting sling
Missiles
 j - 2 atropa-tipped darts
 p - 2 poisoned darts
Armour
 b - a +0 robe
 c - a +0 ring mail (worn)
 o - a +0 pair of gloves (worn)
Jewellery
 d - a ring of positive energy
 h - a ring of magical power (left hand)
 q - a ring of fire (right hand)
Scrolls
 i - 5 scrolls of identify {unknown}
 k - 2 scrolls of teleportation {unknown}
 l - a scroll of brand weapon {unknown}
 m - 2 scrolls of noise {unknown}
 n - a scroll of magic mapping {unknown}
Potions
 e - a potion of berserk rage {unknown}
 f - a potion of invisibility {unknown}
 r - a potion of attraction {unknown}
 s - a potion of haste {unknown}


   Skills:
 + Level 4.9 Fighting
 * Level 6.3 Axes
 * Level 2.7 Armour
 - Level 2.0 Spellcasting
 * Level 0.0 Conjurations
 + Level 4.3 Fire Magic


You had 4 spell levels left.
You knew the following spells:

 Your Spells              Type           Power      Damage    Failure   Level
a - Scorch                Fire           40%        2d7       11%         2
b - Mephitic Cloud        Conj/Pois/Air  1%         N/A       75%         3

Your spell library contained the following spells:

 Spells                   Type           Power      Damage    Failure   Level
 Magic Dart               Conj           4%         1d3       36%         1
 Call Imp                 Summ           1%         N/A       52%         2


Dungeon Overview and Level Annotations

Branches:
Dungeon (4/15)
 Temple: D:4-7

Altars:
Fedhas
Kikubaaqudgha
Zin

Shops:
D:2 [

Annotations:
D:3 1 runed translucent door, IdlyInterested's ghost, amateur DrAr


Message History

The orc hits you with a +1 short sword of venom.
You are poisoned.
The orc barely misses you.
You barely miss the orc.
The orc is severely wounded.
You hit the orc. You burn the orc.
You kill the orc!
You feel very sick. The orc hits you but does no damage.
You are more poisoned.
You barely miss the orc.
The orc is severely wounded.
You hit the centaur but do no damage.
You feel very sick.
The centaur unwields a +0 shortbow.
The centaur misses you. The centaur kicks you. The orc barely misses you.
The centaur hits you but does no damage.
The centaur closely misses you.
You hit the orc. You burn the orc.
You kill the orc!
You closely miss the centaur.
You feel very sick. The centaur barely misses you.
The centaur kicks you but does no damage.
Unknown command.
You barely miss the goblin. You barely miss the centaur.
You feel very sick. The centaur hits you.
The centaur kicks you but does no damage.
The goblin closely misses you. The centaur misses you.
The centaur kicks you but does no damage.
Unknown command.
You feel sick.
The centaur wields a +0 shortbow.
The centaur shoots an arrow.
The arrow hits you.
You feel sick.
You feel sick.
The centaur shoots an arrow.
The arrow hits you!
* * * LOW HITPOINT WARNING * * *
The orc priest invokes the aid of Beogh against you.
Beogh smites you!
You die...

#..###.......
####....#.......
##..#....))......
#........#.......
#####......##....... ##
#.####......##...... #.##
##...#.......†....... ..<.#
#...........###.....# .....#
##.g@#..............#
......###...#....###.....>.#
.......#.c..#....###.##....g
.......oo#.......>..........
#......)##.....#....##......
#........#.....#....#.......
##.......#._................
#..<..............#.......##
.................##........#


You could see a centaur, an orc priest, an orc and a goblin.

Vanquished Creatures
  Sigmund (D:3)
  A scorpion (D:4)
  4 adders
  An ufetubus (D:4)
  A dart slug (D:1)
  6 orcs
  3 bats
  6 endoplasms
  3 giant cockroaches
  6 hobgoblins
  11 jackals
  5 quokkas
  6 ball pythons
  3 frilled lizards
  4 goblins
  6 kobolds
  5 rats
72 creatures vanquished.

Notes
Turn   | Place    | Note
-------+----------+-------------------------------------------
     0 | D:1      | fragbeetle the Hill Orc Cinder Acolyte began the quest for
                  | the Orb.
     0 | D:1      | Reached XP level 1. HP: 19/19 MP: 2/2
   269 | D:1      | Reached XP level 2. HP: 25/27 MP: 3/3
   282 | D:1      | Learned a level 2 spell: Scorch
   553 | D:1      | Reached XP level 3. HP: 31/33 MP: 4/4
   825 | D:1      | Found a faded altar of an unknown god.
  1195 | D:2      | Reached skill level 5 in Axes
  1241 | D:2      | Found Rocsakl Xese's Armour Shop.
  1437 | D:2      | Reached XP level 4. HP: 37/40 MP: 6/6
  1711 | D:3      | Found an ancient bone altar of Kikubaaqudgha.
  1897 | D:3      | Found a runed translucent door.
  1924 | D:3      | Noticed IdlyInterested's ghost (amateur DrAr)
  2082 | D:3      | Reached skill level 1 in Armour
  2491 | D:3      | Found a glowing silver altar of Zin.
  2491 | D:3      | Noticed an angel
  2540 | D:3      | Noticed Sigmund
  2545 | D:3      | Killed Sigmund
  2546 | D:3      | Reached skill level 6 in Axes
  2546 | D:3      | Reached XP level 5. HP: 23/47 MP: 5/7
  2546 | D:3      | Reached XP level 6. HP: 27/55 MP: 5/8
  2891 | D:4      | Found a blossoming altar of Fedhas.
  3055 | D:4      | Learned a level 3 spell: Mephitic Cloud
  3099 | D:4      | Killed from afar by an orc priest

Illustrated notes

Levels and vault maps discovered:
D:1:      dpeg_arrival_court, layout_basic,
          hellmonk_ecumenical_altar_heavens_door, feat_on_display
D:2:      layout_rooms, serial_shops, shop
D:3:      layout_basic, zin_angel, mainiacjoe_overflow_small_starburst,
          ebering_ghost_reflecting_pool, serial_co_window_serial,
          co_window_corner_a, co_window_paths_b, co_window_paths_a,
          co_window_corner_a, co_window_paths_b, co_window_broadway_a,
          co_window_2corner, co_window_paths_c, co_window_unsneaky_path_a,
          glass_columns_b, minmay_liquid_box, uniq_sigmund
D:4:      layout_cave_pools, old_standard_altar, overflow_temple_1_default,
          uniq_duvessa

Skill      XL: |  1  2  3  4  5  6 |
---------------+-------------------+-----
Fighting       | 4 |  4.9
Axes           | 5 6 |  6.3
Armour         | 2 |  2.7
Fire Magic     | 4 |  4.3
Spellcasting   | 2 |  2.0

Action                   |  1- 3 |  4- 6 || total
-------------------------+-------+-------++-------
Melee: Hand axe          |   138 |    67 ||   205
Throw: Dart              |       |     1 ||     1
 Cast: Scorch            |       |    10 ||    10
Armor: Ring mail         |    57 |    44 ||   101
       Robe              |     2 |       ||     2
Dodge: Dodged            |    64 |    49 ||   113

Table legend: (Time is in decaauts)
 A = Elapsed time spent in this place.
 B = Non-inter-level travel time spent in this place.
 C = Inter-level travel time spent in this place.
 D = Time resting spent in this place.
 E = Time spent auto-exploring this place.
 F = Levels seen in this place.
 G = Mean time per level.
                   A        B        C        D        E       F      G
               +--------+--------+--------+--------+--------+-----+--------+
         Total |   3107 |   3009 |     98 |     75 |   2433 |   4 |  776.8 |
       Dungeon |   3107 |   3009 |     98 |     75 |   2433 |   4 |  776.8 |
               +--------+--------+--------+--------+--------+-----+--------+

Top non-repeatable levels by time:
     D:3: 1365 daAuts
     D:1: 893 daAuts
     D:2: 640 daAuts
     D:4: 207 daAuts
